 Dungeon Crawl Stone Soup version 0.21.1 (webtiles) character file.

38 shakethe the Unweaver (level 3, -2/37 (43) HPs)
             Began as a Demonspawn Abyssal Knight on Feb 3, 2018.
             Was a Follower of Lugonu.
             Slain by a necrophage (3 damage)
             ... on level 2 of the Dungeon.
             The game lasted 00:09:04 (1983 turns).

shakethe the Unweaver (Demonspawn Abyssal Knight)   Turns: 1983, Time: 00:09:05

HP:   -2/37 (43)    AC: 21    Str: 13    XL:     3   Next: 25%
MP:   5/5           EV:  2    Int: 18    God:    Lugonu [*.....]
Gold: 14            SH:  0    Dex: 17    Spells: 2/2 levels left

rFire    + . .     SeeInvis .   a - +2 mace
rCold    + . .     Gourm    .   (no shield)
rNeg     + + +     Faith    .   (armour currently unavailable)
rPois    +         Spirit   .   (helmet currently unavailable)
rElec    +         Reflect  .   (cloak currently unavailable)
rCorr    +         Harm     .   (gloves currently unavailable)
MR       .....     NoTele   +   (boots currently unavailable)
Stlth    +++.......             j - amulet of magic regeneration
HPRegen  0.00/turn              f - ring of poison resistance
MPRegen  0.34/turn              (no ring)

@: brilliant, agile, tree-form, resistant, non-regenerating, diseased
A: no striking features
a: Depart the Abyss, Renounce Religion


You were on level 2 of the Dungeon.
You worshipped Lugonu.
Lugonu was aware of your devotion.
You were very hungry.
You were a tree.
You visited 1 branch of the dungeon, and saw 2 of its levels.
You visited the Abyss 1 time.

You collected 14 gold pieces.

Inventory:

Hand Weapons
 a - a +2 mace (weapon)
 n - a +0 blowgun
Armour
 b - a +0 leather armour (melded)
Jewellery
 d - an uncursed ring of wizardry {unknown}
 f - a ring of poison resistance (left branch)
 j - an amulet of magic regeneration (around neck)
Scrolls
 i - 3 scrolls of teleportation
 m - 2 scrolls of remove curse
Potions
 g - a potion of agility
Comestibles
 c - 3 rations


   Skills:
 - Level 3.0 Fighting
 + Level 2.7 Maces & Flails
 - Level 1.7 Armour
 - Level 0.8 Dodging
 + Level 3.8 Invocations


You had 2 spell levels left.
You didn't know any spells.

Dungeon Overview and Level Annotations

Branches:
Dungeon (2/15)

Altars:
Kikubaaqudgha
Makhleb
Okawaru


Innate Abilities, Weirdness & Mutations

((You are partially covered in iridescent scales. (AC +2)))
((Your flesh is heat resistant. (rF+)))


Message History

The necrophage hits you but does no damage.
The necrophage hits you but does no damage.
The necrophage hits you but does no damage.
The necrophage hits you but does no damage.
The necrophage hits you.
* * * LOW HITPOINT WARNING * * *
You feel ill.
You feel your flesh rotting away! The necrophage hits you.
* * * LOW HITPOINT WARNING * * *
The necrophage hits you but does no damage.
The necrophage completely misses you.
You feel protected.
The necrophage hits you but does no damage.
The necrophage hits you but does no damage.
The necrophage hits you but does no damage.
The necrophage hits you but does no damage.
The necrophage hits you but does no damage.
The necrophage barely misses you. The necrophage hits you.
You die...

*#####'#****,,,,,,+,*,,,*
*.......###*,,,,,,*,*,*,*
#.......'.#**###+#*,,,*,,
***#.......#.####...#*******
*,,,..............######## *
*,**##.####..............# #
*,*)#...#,#.######.......# #
**,*#.....##.'..#.........# #
*,,*.......#♣##.#.##......###
*,,,.......n†#..#'##......##.
*,,*.......#.#............##.
*,,*#.....##=#.......#######.
*,,*[#...#,#.##......#######.
*,,**##.#**#..............##.
*,,,,...,,......####.........
*,,,...,,,......***#.......##
****##****####..,,*#######.#


You could see a necrophage.

Vanquished Creatures
  2 dart slugs
  A leopard gecko (D:2)
  A ball python (D:2)
  A giant cockroach (D:2)
  5 goblins
  2 hobgoblins (D:1)
  3 jackals (D:1)
  4 bats (D:1)
  2 frilled lizards
  6 kobolds
  4 rats
31 creatures vanquished.

Notes
Turn   | Place    | Note
-------+----------+-------------------------------------------
     0 | Abyss:1  | shakethe the Demonspawn Abyssal Knight began the quest for the Orb.
     0 | Abyss:1  | Reached XP level 1. HP: 18/18 MP: 2/2
    18 | D:1      | Escaped the Abyss
   219 | D:1      | Gained mutation: You are partially covered in iridescent scales. (AC +2) [demonic ancestry]
   219 | D:1      | Reached XP level 2. HP: 20/24 MP: 2/4
   220 | D:1      | Reached * piety under Lugonu
  1103 | D:2      | Found a burning altar of Makhleb.
  1103 | D:2      | Found an iron altar of Okawaru.
  1114 | D:2      | Found an ancient bone altar of Kikubaaqudgha.
  1197 | D:2      | Gained mutation: Your flesh is heat resistant. (rF+) [demonic ancestry]
  1197 | D:2      | Reached XP level 3. HP: 22/29 MP: 5/5
  1926 | D:2      | Noticed a necrophage
  1974 | D:2      | HP: 1/37 [necrophage (3)]
  1983 | D:2      | Slain by a necrophage

Skill      XL: |  1 |
---------------+----+-----
Maces & Flails | 2 |  2.7
Invocations    | 3 |  3.8
Fighting       | |  3.0
Armour         | |  1.7
Dodging        | |  0.8

Action                   || total
-------------------------++-------
Melee: Mace              ||    76
Invok: Depart the Abyss  ||     1
  Use: Scroll            ||     7
       Potion            ||     5
  Eat: Chunk             ||     2
Armor: Leather armour    ||    39
       Skin              ||    28
Dodge: Dodged            ||    77
